 Dungeon Crawl Stone Soup version 0.23.2-40-g277498a001 (webtiles) character file.

Game seed: 14289046950734151462

1167 Glamhuggeren the Basher (level 8, -2/60 HPs)
             Began as a Demonspawn Gladiator on Oct 7, 2019.
             Was an Initiate of Okawaru.
             Killed from afar by an electric eel (10 damage)
             ... with a bolt of electricity
             ... on level 5 of the Dungeon.
             The game lasted 00:21:29 (6002 turns).

Glamhuggeren the Basher (Demonspawn Gladiator)      Turns: 6002, Time: 00:21:30

Health: -2/60      AC:  8    Str: 22    XL:     8   Next: 17%
Magic:  8/8        EV: 18    Int: 10    God:    Okawaru [......]
Gold:   254        SH:  0    Dex: 19    Spells: 7/7 levels left

rFire    . . .     SeeInvis .   a - +1 whip (elec)
rCold    . . .     Gourm    .   (no shield)
rNeg     . . .     Faith    .   b - +0 leather armour
rPois    +         Spirit   .   c - +0 helmet
rElec    .         Reflect  .   (no cloak)
rCorr    .         Harm     .   A - +1 pair of gloves
MR       .....                  (no boots)
Stlth    +++.......             (no amulet)
HPRegen  0.20/turn              n - ring of poison resistance
MPRegen  0.11/turn              i - ring of stealth

@: mighty, agile
A: talons 1, slimy green scales 1, powered by pain 3
a: Renounce Religion


You were on level 5 of the Dungeon.
You worshipped Okawaru.
Okawaru was noncommittal.
You were not hungry.

You visited 2 branches of the dungeon, and saw 6 of its levels.
You also visited: Sewer.

You collected 254 gold pieces.

Inventory:

Hand Weapons
 a - a +1 whip of electrocution (weapon)
 v - a +6 club
 y - a +0 whip of pain
Missiles
 d - 3 throwing nets
 l - 174 stones (quivered)
 p - 27 poisoned needles
 t - 23 bolts
 w - 54 sling bullets
Armour
 b - a +0 leather armour (worn)
 c - a +0 helmet (worn)
 r - a +0 large shield
 A - a +1 pair of gloves (worn)
Magical Staves
 I - an uncursed staff of summoning
Jewellery
 i - a ring of stealth (right hand)
 n - a ring of poison resistance (left hand)
Wands
 u - a wand of digging (3)
Scrolls
 e - 2 scrolls of remove curse
 k - 4 scrolls of fear
 z - a scroll of enchant weapon {unknown}
 D - a scroll of fog {unknown}
 E - a scroll of teleportation {unknown}
Potions
 g - 2 potions of degeneration {unknown}
 h - 3 potions of curing
 j - 2 potions of mutation
 m - 3 potions of magic
 q - 2 potions of ambrosia {unknown}
 s - 2 potions of berserk rage {unknown}
 x - 2 potions of flight {unknown}
 C - 8 potions of brilliance
 F - 2 potions of heal wounds
 G - 2 potions of might
 H - a potion of agility
 J - a potion of invisibility {unknown}
Comestibles
 f - 13 rations


   Skills:
 - Level 4.0 Fighting
 * Level 8.6 Maces & Flails
 - Level 2.0 Throwing
 - Level 3.0 Dodging
 + Level 1.1 Invocations


You had 7 spell levels left.
You didn't know any spells.
Your spell library was empty.

Dungeon Overview and Level Annotations

Branches:
Dungeon (5/15)             Temple (1/1) D:5

Altars:
Ashenzari
Cheibriados
Dithmenos
Fedhas
Gozag
Hepliaklqana
Kikubaaqudgha
Makhleb
Nemelex Xobeh
Okawaru
Qazlal
Ru
Sif Muna
Trog
Uskayaw
Vehumet
Wu Jian
Xom
Zin
The Shining One

Shops:
D:2 *

Annotations:
D:3 2 runed translucent doors, Tartanist's ghost, amateur TrBe


Innate Abilities, Weirdness & Mutations

You have sharp toenails.
You are partially covered in slimy green scales. (AC +2)
You are powered by pain.


Message History

You feel much better.
The electric eel shoots out a bolt of lightning at you!
The bolt of electricity hits you!
You focus on the pain.
You feel very mighty all of a sudden.
The electric eel shoots out a bolt of lightning at you!
The bolt of electricity hits the plant.
The bolt of electricity hits you!
You closely miss the electric eel. You claw the electric eel!
The electric eel is heavily wounded.
The electric eel shoots out a bolt of lightning at you!
The bolt of electricity hits the electric eel.
The electric eel completely resists.
The bolt of electricity hits you.
* * * LOW HITPOINT WARNING * * *
You barely miss the electric eel.
The electric eel is heavily wounded.
The electric eel shoots out a bolt of lightning at you!
The bolt of electricity hits you!
* * * LOW HITPOINT WARNING * * *
The electric eel shoots out a bolt of lightning at you!
The bolt of electricity hits the plant.
The bolt of electricity hits you!
You die...

#...........#
#...........#
#...........#
#...........#
#........#####
#...########.##
##'##≈.≈P..#..#
#.#≈≈≈P≈..'#.#
#.#≈?(;@...#≈#
#≈#≈;.PP...#≈##
#≈##;?)P..##≈≈#
##≈##########.##
##≈##≈.)...#..#
#†#≈≈$≈...'#.#
#.#≈.......#≈#
#.#≈≈;.P...#≈#
#.##≈=;P..##≈#


You could see 3 electric eels.

Vanquished Creatures
  A centaur (D:5)
  2 big kobolds (Sewer)
  2 scorpions (D:5)
  4 killer bees
  A howler monkey (D:4)
  4 crimson imps (D:4)
  A bullfrog zombie (D:5)
  An orc priest (D:5)
  A hound (D:4)
  A bullfrog skeleton (D:4)
  Ijyb (D:3)
  5 worker ants (D:4)
  A hound skeleton (D:4)
  5 adders
  A howler monkey skeleton (D:4)
  A shadow imp (D:5)
  2 adder zombies
  8 worms
  2 dart slugs (D:1)
  4 leopard geckos
  14 orcs
  4 ball pythons
  5 bats
  4 giant cockroaches
  5 goblins
  10 hobgoblins
  7 jackals (D:5)
  18 kobolds
  A quokka (D:3)
  7 frilled lizards
  4 rats
127 creatures vanquished.

Vanquished Creatures (others)
  A plant (Sewer)
1 creature vanquished.

Grand Total: 128 creatures vanquished

Notes
Turn   | Place    | Note
-------+----------+-------------------------------------------
     0 | D:1      | Glamhuggeren the Demonspawn Gladiator began the quest for
                  | the Orb.
     0 | D:1      | Reached XP level 1. HP: 16/16 MP: 1/1
   461 | D:1      | Gained mutation: You have sharp toenails. [demonic
                  | ancestry]
   461 | D:1      | Reached XP level 2. HP: 22/22 MP: 2/2
   492 | D:1      | Reached skill level 3 in Maces & Flails
   995 | D:2      | Gained mutation: You are partially covered in slimy green
                  | scales. (AC +2) [demonic ancestry]
   995 | D:2      | Reached XP level 3. HP: 28/28 MP: 3/3
  1514 | D:2      | Reached XP level 4. HP: 28/34 MP: 4/4
  1550 | D:2      | Found Zin's Purification Station.
  1554 | D:2      | Found a glowing silver altar of Zin.
  1816 | D:3      | Noticed Ijyb
  1841 | D:3      | Killed Ijyb
  1841 | D:3      | Reached skill level 4 in Maces & Flails
  2057 | D:3      | Found a shadowy altar of Dithmenos.
  2126 | D:3      | Found a large runed translucent door.
  2126 | D:3      | Found a large runed translucent door.
  2130 | D:3      | Noticed Tartanist's ghost (amateur TrBe)
  2580 | D:4      | Found a hide-covered altar of Uskayaw.
  2765 | D:4      | Reached XP level 5. HP: 28/41 MP: 5/5
  2903 | D:4      | Found a shattered altar of Ashenzari.
  3396 | D:4      | Reached skill level 5 in Maces & Flails
  3497 | D:4      | Gained mutation: You sometimes gain a little power by
                  | taking damage. [demonic ancestry]
  3497 | D:4      | Reached XP level 6. HP: 41/48 MP: 6/6
  4092 | D:5      | Entered Level 5 of the Dungeon
  4328 | D:4      | Reached skill level 6 in Maces & Flails
  4452 | D:4      | Gained mutation: You sometimes gain power by taking damage.
                  | [demonic ancestry]
  4452 | D:4      | Reached XP level 7. HP: 44/54 MP: 7/7
  4601 | D:5      | Found a glowing drain.
  4618 | Sewer    | Entered a sewer
  4798 | Sewer    | Reached skill level 7 in Maces & Flails
  5033 | D:5      | Found a stormy altar of Qazlal.
  5051 | D:5      | Found a shimmering altar of Xom.
  5119 | D:5      | Reached skill level 8 in Maces & Flails
  5259 | D:5      | Gained mutation: You are powered by pain. [demonic
                  | ancestry]
  5259 | D:5      | Reached XP level 8. HP: 50/60 MP: 8/8
  5313 | D:5      | Found a burning altar of Makhleb.
  5316 | D:5      | Found an ancient bone altar of Kikubaaqudgha.
  5333 | D:5      | Found an ornate altar of the Wu Jian Council.
  5336 | D:5      | Found a sparkling altar of Nemelex Xobeh.
  5382 | D:5      | Found a staircase to the Ecumenical Temple.
  5391 | Temple   | Entered the Ecumenical Temple
  5604 | Temple   | Became a worshipper of Warmaster Okawaru
  5723 | D:5      | Reached skill level 1 in Invocations
  6002 | D:5      | Killed from afar by an electric eel

Skill      XL: |  1  2  3  4  5  6  7  8 |
---------------+-------------------------+-----
Maces & Flails | 3 4 5 6 8 |  8.6
Throwing       | 2 |  2.0
Dodging        | 3 |  3.0
Fighting       | 3 4 |  4.0
Invocations    | 1 |  1.1

Action                   |  1- 3 |  4- 6 |  7- 9 || total
-------------------------+-------+-------+-------++-------
Melee: Flail             |    80 |    25 |       ||   105
       Kick              |    21 |    31 |    38 ||    90
       Dagger            |       |    35 |       ||    35
       Club              |       |    13 |       ||    13
       Whip              |       |    87 |   181 ||   268
Throw: Stone             |     4 |     1 |    13 ||    18
  Use: Scroll            |     1 |     6 |     6 ||    13
       Potion            |       |     3 |     2 ||     5
 Stab: Sleeping          |     1 |       |       ||     1
  Eat: Chunk             |     2 |     8 |     3 ||    13
       Ration            |       |       |     1 ||     1
Armor: Leather armour    |    11 |    43 |    54 ||   108
Dodge: Dodged            |    40 |    96 |   119 ||   255
